 Dungeon Crawl Stone Soup version 0.31-a0-986-g5e6e4ef867 (webtiles) character file.

Game seed: 2389999347839668975

31 promet the Frost Mage (level 3, 0/28 HPs)
             Began as a Gnoll Wanderer on Nov 5, 2023.
             Slain by a worm (8 damage)
             ... on level 2 of the Dungeon.
             The game lasted 00:06:24 (1854 turns).

promet the Frost Mage (Gnoll Wanderer)              Turns: 1854, Time: 00:06:25

Health: 0/28       AC:  3    Str:  7    XL:     3   Next: 22%
Magic:  7/7        EV: 11    Int: 14    God:
Gold:   103        SH:  4    Dex: 14    Spells: 6/7 levels left

rFire   . . .        a - +0 short sword
rCold   . . .        b - +0 buckler
rNeg    . . .        d - +0 robe
rPois   .            c - +0 helmet
rElec   .            (no cloak)
rCorr   .            (no gloves)
SInv    .            (no boots)
Will    .....        (no amulet)
Stlth   ++           (no ring)
HPRegen 0.24/turn    (no ring)
MPRegen 0.10/turn

%: no passive effects
@: no status effects
A: fangs 1, strong nose, distributed training
a: no special abilities


You were on level 2 of the Dungeon.
You visited 1 branch of the dungeon, and saw 2 of its levels.

You collected 103 gold pieces.

Inventory:

Hand Weapons
 a - a +0 short sword (weapon)
Missiles
 f - 5 poisoned darts
 h - 2 boomerangs (quivered)
 i - 22 stones
Armour
 b - a +0 buckler (worn)
 c - a +0 helmet (worn)
 d - a +0 robe (worn)
Jewellery
 k - a ring of willpower
Wands
 m - a wand of iceblast (11)
Scrolls
 l - a scroll of revelation
Potions
 e - 2 potions of attraction
 g - 2 potions of degeneration {unknown}
 j - a potion of enlightenment {unknown}


   Skills:
 + Level 2.6 Fighting
 + Level 0.7 Short Blades
 + Level 0.7 Long Blades
 + Level 0.7 Axes
 + Level 0.7 Maces & Flails
 + Level 0.7 Polearms
 + Level 0.7 Staves
 + Level 0.7 Ranged Weapons
 + Level 0.7 Throwing
 + Level 0.7 Armour
 + Level 0.7 Dodging
 + Level 0.7 Stealth
 + Level 2.6 Shields
 + Level 2.6 Unarmed Combat
 + Level 2.8 Spellcasting
 + Level 0.5 Conjurations
 + Level 0.5 Hexes
 + Level 0.5 Summonings
 + Level 0.5 Necromancy
 + Level 0.5 Translocations
 + Level 0.5 Transmutations
 + Level 0.5 Fire Magic
 + Level 8.7 Ice Magic
 + Level 0.5 Air Magic
 + Level 0.5 Earth Magic
 + Level 0.5 Poison Magic
 + Level 2.6 Invocations
 + Level 0.7 Evocations
 + Level 0.6 Shapeshifting


You had 6 spell levels left.
You knew the following spells:

 Your Spells              Type           Power      Damage    Failure   Level
a - Freeze                Ice            100%       1d10      1%          1

Your spell library contained the following spells:

 Spells                   Type           Power      Damage    Failure   Level
 Ensorcelled Hibernation  Hex/Ice        30%        N/A       8%          2
 Summon Ice Beast         Ice/Summ       15%        N/A       45%         4


Dungeon Overview and Level Annotations

Branches:
Dungeon (2/15)

Altars:

Shops:
D:1 =


Innate Abilities, Weirdness & Mutations

You have very sharp teeth.
Your uncanny sense of smell can sniff out nearby items.
Your experience applies equally to all skills.


Message History

Found a stone staircase leading down.
You enter the shallow water.
Moving in this stuff is going to be slow.
A gnoll comes into view. It is wielding a +0 spear.
You closely miss the giant cockroach. The giant cockroach closely misses you.
You closely miss the giant cockroach. You block the giant cockroach's attack.
You closely miss the giant cockroach. The giant cockroach closely misses you.
You hit the giant cockroach but do no damage.
You block the giant cockroach's attack.
You hit the giant cockroach.
The giant cockroach is severely wounded.
The giant cockroach closely misses you. x2
You barely miss the giant cockroach.
The giant cockroach is severely wounded.
The giant cockroach bites you.
You hit the giant cockroach but do no damage.
You bite the giant cockroach, but do no damage.
The giant cockroach is severely wounded.
You block the giant cockroach's attack.
You closely miss the giant cockroach.
The giant cockroach is severely wounded.
The giant cockroach misses you.
You closely miss the giant cockroach.
The giant cockroach is severely wounded.
The giant cockroach bites you. The giant cockroach closely misses you.
You hit the giant cockroach.
You kill the giant cockroach!
The worm bites you!
You hit the worm.
The worm is lightly wounded.
The worm bites you!
You hit the worm. Your bite misses the worm.
The worm is lightly wounded.
You hit the worm.
The worm is lightly wounded.
The worm bites you.
* * * LOW HITPOINT WARNING * * *
Okay, then.
The worm attacks as it pursues you! The worm bites you!
You die...

≈≈~.~≈~~~.~≈≈≈≈≈#,,* #....# ##
~....~~....~.##~**,* #....# ##
~~...~...~.~..#~~*,* #....#####
#...~..~......###*,***##........#
##..............+,,,,,..........'
...####.........#*****###.......#
##g,,*#.........# #........
#,*g..........w#### #..†.....
*,*##..###....#@..# #........ *,*
##.**#....#...# #........
*,***#........#...### #........
*,,,**#.......+.....#######.....
****,* #.......#..........#######
,,,,,* #........###.......#
,,,,,* #.....#..* #.......#
,,,,,***,,,,,#..**#....%..#
**,,,,,,,****#..,,#.......#


You could see a worm.

Vanquished Creatures
  A dart slug (D:1)
  4 ball pythons
  A bat (D:2)
  2 endoplasms
  2 giant cockroaches
  2 goblins (D:1)
  2 hobgoblins
  2 jackals (D:1)
  2 quokkas (D:2)
  3 frilled lizards (D:1)
  3 kobolds
  2 rats (D:1)
26 creatures vanquished.

Notes
Turn   | Place    | Note
-------+----------+-------------------------------------------
     0 | D:1      | promet the Gnoll Wanderer began the quest for the Orb.
     0 | D:1      | promet set off with the following items: a +0 dagger, a +0
                  | buckler, a potion of invisibility, a +0 robe, a potion of
                  | attraction; and the following spell memorised: Freeze; and
                  | the following spells available to memorise: Ensorcelled
                  | Hibernation, Summon Ice Beast.
     0 | D:1      | Reached XP level 1. HP: 17/17 MP: 4/4
    86 | D:1      | Reached XP level 2. HP: 12/23 MP: 5/5
   891 | D:1      | Found Pogar's Jewellery Shop.
  1681 | D:2      | Reached XP level 3. HP: 28/28 MP: 7/7
  1854 | D:2      | Slain by a worm

Illustrated notes

Levels and vault maps discovered:
D:1:      eino_arrival_druids_welcome, layout_loops_ring, serial_shops,
          nicolae_shop_stone
D:2:      layout_basic, chequers_serial_rivers_small_3

Action                     || total
---------------------------++-------
  Melee: Dagger            ||    46
         Bite              ||     7
         Short sword       ||    65
  Throw: Boomerang         ||     2
    Use: Potion            ||     1
         Scroll            ||     1
   Stab: Invisible         ||     1
         Sleeping          ||     1
 Armour: Robe              ||    49
  Dodge: Dodged            ||    45
  Block: Buckler           ||    19

Table legend: (Time is in decaauts)
 A = Elapsed time spent in this place.
 B = Non-inter-level travel time spent in this place.
 C = Inter-level travel time spent in this place.
 D = Time resting spent in this place.
 E = Time spent auto-exploring this place.
 F = Levels seen in this place.
 G = Mean time per level.
                   A        B        C        D        E       F      G
               +--------+--------+--------+--------+--------+-----+--------+
         Total |   1862 |   1847 |     15 |    684 |    494 |   2 |  931.0 |
       Dungeon |   1862 |   1847 |     15 |    684 |    494 |   2 |  931.0 |
               +--------+--------+--------+--------+--------+-----+--------+

Top non-repeatable levels by time:
     D:1: 1432 daAuts
     D:2: 430 daAuts
